 Dungeon Crawl Stone Soup version 0.30-a0-965-g42e074c17a (webtiles) character file.

Game seed: 14010349063347167804

144 coolguy69 the Chopper (level 5, 0/46 HPs)
             Began as a Minotaur Berserker on Mar 31, 2023.
             Was a Believer of Trog.
             Slain by a gnoll
             ... wielding a +0 spear
              (6 damage)
             ... on level 3 of the Dungeon.
             The game lasted 00:02:04 (2178 turns).

coolguy69 the Chopper (Minotaur Berserker)          Turns: 2178, Time: 00:02:04

Health: 0/46       AC: 11    Str: 23    XL:     5   Next: 5%
Magic:  4/4        EV:  7    Int:  4    God:    Trog [**....]
Gold:   111        SH:  5    Dex: 10    Spells: 4/4 levels left

rFire   . . .      SeeInvis .    d - +2 dagger (venom)
rCold   . . .      Faith    .    (no shield)
rNeg    . . .      Spirit   .    j - +0 plate armour
rPois   .          Reflect  +    (helmet restricted)
rElec   .          Rampage  .    (no cloak)
rCorr   .                        (no gloves)
Will    .....                    (no boots) Stlth
                                 c - amulet of reflection
HPRegen 0.27/turn                (no ring)
MPRegen 0.09/turn                (no ring)

@: no status effects
A: horns 2, retaliatory headbutt
a: Renounce Religion, Berserk, Trog's Hand


You were on level 3 of the Dungeon.
You worshipped Trog.
Trog was pleased with you.
You visited 1 branch of the dungeon, and saw 3 of its levels.

You collected 111 gold pieces.

Inventory:

Hand Weapons
 d - a +2 dagger of venom (weapon)
 g - a +0 war axe
Armour
 j - a +0 plate armour (worn)
Jewellery
 c - an amulet of reflection (around neck)
Scrolls
 e - 5 scrolls of identify {unknown}
 f - a scroll of immolation {unknown}
 h - a scroll of teleportation {unknown}
 k - a scroll of enchant weapon {unknown}
 l - a scroll of vulnerability {unknown}
Potions
 a - a potion of ambrosia {unknown}
 b - a potion of curing {unknown}
 i - 2 potions of might {unknown}


   Skills:
 - Level 3.9 Fighting
 * Level 6.6 Axes
 - Level 2.7 Armour
 - Level 2.4 Dodging


You had 4 spell levels left.
You didn't know any spells.
Your spell library was empty.

Dungeon Overview and Level Annotations

Branches:
Dungeon (3/15)

Altars:


Innate Abilities, Weirdness & Mutations

You have a pair of horns on your head.
You reflexively headbutt those who attack you in melee.


Message History

The gnoll hits you from afar with a +0 spear.
You hit the gnoll.
The gnoll looks as sick as possible!
The gnoll is heavily wounded.
The worm bites you.
* * * LOW HITPOINT WARNING * * *
The gnoll barely misses you. You furiously retaliate!
You headbutt the gnoll!
You kill the gnoll!
Trog accepts your kill. The gnoll hits you but does no damage.
You have reached level 5!
You hit the worm but do no damage.
The worm is poisoned.
The gnoll barely misses you.
You hit the worm.
The worm looks even sicker.
Your headbutt misses the worm.
The worm is moderately wounded.
The worm bites you.
* * * LOW HITPOINT WARNING * * *
The gnoll closely misses you.
Unknown command.
You barely miss the worm. You headbutt the worm.
The worm is moderately wounded.
The gnoll hits you but does no damage. The worm barely misses you.
You barely miss the worm. You headbutt the worm!
The worm is heavily wounded.
The gnoll barely misses you.
Unknown command.
You hit the worm.
The worm looks as sick as possible!
Your headbutt misses the worm.
The worm is severely wounded.
The worm bites you.
* * * LOW HITPOINT WARNING * * *
You block the gnoll's attack.
You hit the worm.
The worm looks as sick as possible!
Your headbutt misses the worm.
The worm is almost dead.
You kill the worm!
Trog accepts your kill. The gnoll barely misses you.
An endoplasm comes into view.
The gnoll hits you with a +0 spear.
You die...

#...### .. ###.# ..#
#####J #...###.####
...... ##..........#
#..#.# ##..###......#
..... ##...#
#......##
#...##..##.##.......#
#...#)††# #..†......#
#g@.##.##..†.......
#...# #..........#.
#.###.##...)....).##
..# #............#
#.. #..#.........# ##
#.##.........# #.
#.######### ..


You could see a gnoll and an endoplasm.

Vanquished Creatures
  Jessica (D:2)
  An iguana (D:3)
  2 gnolls (D:3)
  2 adders (D:3)
  2 worms
  2 dart slugs
  7 bats
  3 endoplasms
  3 giant cockroaches
  3 goblins
  4 hobgoblins
  A quokka (D:2)
  5 ball pythons
  2 frilled lizards
  5 kobolds
  4 rats
47 creatures vanquished.

Notes
Turn   | Place    | Note
-------+----------+-------------------------------------------
     0 | D:1      | coolguy69 the Minotaur Berserker began the quest for the
                  | Orb.
     0 | D:1      | Reached XP level 1. HP: 19/19 MP: 0/0
   136 | D:1      | Reached XP level 2. HP: 27/27 MP: 1/1
   268 | D:1      | HP: 1/27 [poisoned by a goblin]
   516 | D:1      | Reached skill level 4 in Axes
  1003 | D:2      | Noticed Jessica
  1009 | D:2      | Killed Jessica
  1010 | D:2      | Reached skill level 5 in Axes
  1010 | D:2      | Reached XP level 3. HP: 23/33 MP: 2/2
  1636 | D:2      | Reached ** piety under Trog
  2034 | D:3      | Reached XP level 4. HP: 40/40 MP: 3/3
  2106 | D:3      | Reached skill level 6 in Axes
  2172 | D:3      | Reached XP level 5. HP: 14/46 MP: 4/4
  2178 | D:3      | Slain by a gnoll

Illustrated notes

Levels and vault maps discovered:
D:1:      scummos_arrival_simple_fountains, layout_loops_ring,
          minmay_misc_feat_roman, minmay_tiny_reverse_x
D:2:      layout_basic, uniq_jessica
D:3:      layout_basic, minmay_vboxes

Skill      XL: |  1  2  3  4 |
---------------+-------------+-----
Axes           | 5 6 |  6.6
Fighting       | |  3.9
Armour         | |  2.7
Dodging        | |  2.4

Action                     |  1- 3 |  4- 6 || total
---------------------------+-------+-------++-------
  Melee: Hand axe          |    28 |       ||    28
         Headbutt          |    11 |     8 ||    19
         Punch             |     2 |       ||     2
         Dagger            |    55 |    33 ||    88
    Use: Potion            |     2 |       ||     2
 Armour: Animal skin       |    13 |       ||    13
         Plate armour      |     6 |    19 ||    25
  Dodge: Dodged            |    45 |    26 ||    71
  Block: Other             |     9 |     9 ||    18
         Reflection        |       |     1 ||     1

Table legend: (Time is in decaauts)
 A = Elapsed time spent in this place.
 B = Non-inter-level travel time spent in this place.
 C = Inter-level travel time spent in this place.
 D = Time resting spent in this place.
 E = Time spent auto-exploring this place.
 F = Levels seen in this place.
 G = Mean time per level.
                   A        B        C        D        E       F      G
               +--------+--------+--------+--------+--------+-----+--------+
         Total |   2178 |   2099 |     79 |    203 |   1590 |   3 |  726.0 |
       Dungeon |   2178 |   2099 |     79 |    203 |   1590 |   3 |  726.0 |
               +--------+--------+--------+--------+--------+-----+--------+

Top non-repeatable levels by time:
     D:2: 1130 daAuts
     D:1: 854 daAuts
     D:3: 193 daAuts
